 Dungeon Crawl Stone Soup version 0.27-a0-1200-g94dc6ad4cf (webtiles) character file.

Game seed: 3122186368119006702

924 Shayle the Skirmisher (level 8, -2/84 HPs)
             Began as an Ogre Warper on June 1, 2021.
             Was a Believer of Qazlal.
             Killed from afar by an orc wizard (9 damage)
             ... with a magic dart
             ... on level 5 of the Dungeon.
             The game lasted 00:08:55 (5435 turns).

Shayle the Skirmisher (Ogre Warper)                 Turns: 5435, Time: 00:08:59

Health: -2/84      AC:  3    Str: 16    XL:     8   Next: 10%
Magic:  11/11      EV: 10    Int: 22    God:    Qazlal [**....]
Gold:   72         SH:  2    Dex:  8    Spells: 9/11 levels left

rFire    . . .     SeeInvis .   e - +4 whip
rCold    . . .     Faith    .   (no shield)
rNeg     . . .     Spirit   .   b - +0 robe
rPois    .         Reflect  .   (helmet restricted)
rElec    .         Harm     .   (no cloak)
rCorr    .         Rampage  .   (gloves unavailable)
Will     .....                  (boots unavailable)
Stlth    +.........             (no amulet)
HPRegen  0.24/turn              g - +6 ring of intelligence
MPRegen  0.12/turn              (no ring)

@: no status effects
A: large, unfitting armour, tough skin 1, horns 1, talons 1, wild magic 1,
sturdy frame 1
a: Renounce Religion, Upheaval


You were on level 5 of the Dungeon.
You worshipped Qazlal.
Qazlal was pleased with you.
You visited 1 branch of the dungeon, and saw 5 of its levels.

You collected 167 gold pieces.
You spent 95 gold pieces at shops.

Inventory:

Hand Weapons
 a - a +1 mace
 d - a +1 dagger of draining
 e - a +4 whip (weapon)
Missiles
 l - 2 atropa-tipped darts (quivered)
Armour
 b - a +0 robe (worn)
Magical Staves
 f - a staff of fire
Jewellery
 g - a +6 ring of intelligence (left hand)
Wands
 p - a wand of iceblast (1)
Scrolls
 c - a scroll of enchant weapon
 h - 3 scrolls of summoning
 k - 2 scrolls of identify
 o - 2 scrolls of teleportation
 q - a scroll of holy word {unknown}
Potions
 i - 2 potions of mutation
 j - 2 potions of curing {unknown}
 m - a potion of degeneration {unknown}
 n - a potion of flight {unknown}


   Skills:
 + Level 6.5 Fighting
 + Level 4.4 Maces & Flails
 - Level 1.0 Throwing
 + Level 4.5 Dodging
 - Level 2.4 Spellcasting
 - Level 2.6 Translocations
 + Level 4.6 Invocations


You had 9 spell levels left.
You knew the following spells:

 Your Spells              Type           Power      Damage    Failure   Level
a - Blink                 Tloc           N/A        N/A       11%         2

Your spell library contained the following spells:

 Spells                   Type           Power      Damage    Failure   Level
 Gell's Gravitas          Tloc           9%         N/A       19%         3
 Lesser Beckoning         Tloc           9%         N/A       19%         3
 Teleport Other           Tloc           18%        N/A       19%         3
 Confusing Touch          Hex            3%         N/A       45%         3
 Manifold Assault         Tloc           18%        N/A       83%         5
 Petrify                  Tmut/Erth      3%         N/A       85%         4
 Metabolic Englaciation   Hex/Ice        1%         N/A       99%         5
 Yara's Violent Unravell  Hex/Tmut       1%         3d3       99%         5


Dungeon Overview and Level Annotations

Branches:
Dungeon (5/15)
 Temple: D:4-7

Altars:
Okawaru
Qazlal

Shops:
D:4 *?


Innate Abilities, Weirdness & Mutations

You are too large for most types of armour.
You have tough skin. (AC +1)
You have a pair of small horns on your head.
You have sharp toenails.
Your spells are a little harder to cast, but a little more powerful.
Your movements are slightly less encumbered by armour. (ER -2)


Message History

You kill the orc!
Qazlal accepts your kill. The orc closely misses you.
You hit the orc.
The orc is heavily wounded.
The orc wizard points at you and mumbles some strange words.
The magic dart hits you. The orc hits you with a +0 war axe!
You hit the orc but do no damage.
The orc is heavily wounded.
The orc wizard hits you with a staff of cold.
The orc wizard freezes you. You block the orc priest's attack.
The orc wizard closely misses you. The orc hits you with a +0 war axe!
You hit the orc priest. You headbutt the orc priest.
The orc priest is heavily wounded.
The orc priest closely misses you. The orc wizard barely misses you.
The orc closely misses you.
You hit the orc priest. Your kick misses the orc priest.
Your headbutt misses the orc priest.
The orc priest is severely wounded.
The orc priest closely misses you.
The orc wizard gestures at you while chanting.
The magic dart hits you!
* * * LOW HITPOINT WARNING * * *
The orc hits you with a +0 war axe!
* * * LOW HITPOINT WARNING * * *
You completely miss the orc priest.
The orc priest is severely wounded.
The orc priest hits you with a +0 whip.
* * * LOW HITPOINT WARNING * * *
The orc wizard gestures at you while chanting.
You easily resist.
Unknown command.
You closely miss the orc priest.
The orc priest is severely wounded.
The orc barely misses you. The orc priest hits you with a +0 whip.
* * * LOW HITPOINT WARNING * * *
The orc wizard casts a spell at you. The magic dart hits you!
You die...

###.####......#
#.#
#......########
#.#
##............#
#.# #............#
#.# #............#
#.# #............#
#.# #............#
#.# #..°.o.......#
#.# #..o@........#
.......o........#
#####.............
..#.########.##
##.#. .# # #. #.
#.


You could see an orc priest, an orc wizard and an orc.

Vanquished Creatures
  A komodo dragon (D:5)
  Grinder (D:4)
  A sky beast (D:5)
  An ogre (D:5)
  A phantom (D:3)
  A water moccasin zombie (D:5)
  2 orc priests
  An orc wizard (D:3)
  A hound skeleton (D:5)
  A gnoll (D:4)
  5 adders
  A howler monkey skeleton (D:4)
  3 worms
  7 orcs
  2 ball pythons (D:3)
  8 bats
  3 endoplasms
  A giant cockroach (D:1)
  3 goblins
  4 hobgoblins
  5 jackals
  3 kobolds
  2 quokkas
  5 frilled lizards
  A jackal skeleton (D:4)
  2 rats
66 creatures vanquished.

Vanquished Creatures (others)
  3 plants (D:5)
3 creatures vanquished.

Grand Total: 69 creatures vanquished

Notes
Turn   | Place    | Note
-------+----------+-------------------------------------------
     0 | D:1      | Shayle the Ogre Warper began the quest for the Orb.
     0 | D:1      | Reached XP level 1. HP: 22/22 MP: 3/3
   303 | D:1      | Reached skill level 3 in Fighting
   303 | D:1      | Found a faded altar of an unknown god.
   380 | D:1      | Became a worshipper of Qazlal Stormbringer
   380 | D:1      | Reached * piety under Qazlal
   759 | D:1      | Reached XP level 2. HP: 31/31 MP: 5/5
  1074 | D:2      | Learned a level 2 spell: Blink
  1316 | D:2      | Reached XP level 3. HP: 37/37 MP: 6/6
  1344 | D:2      | Reached skill level 1 in Invocations
  1952 | D:3      | Gained mutation: Your movements are slightly less
                  | encumbered by armour. (ER -2) [potion of mutation]
  1952 | D:3      | Gained mutation: You have a pair of small horns on your
                  | head. [potion of mutation]
  1952 | D:3      | Gained mutation: You have sharp toenails. [potion of
                  | mutation]
  1952 | D:3      | Gained mutation: Your spells are a little harder to cast,
                  | but a little more powerful. [potion of mutation]
  1971 | D:3      | Reached XP level 4. HP: 14/42 MP: 7/7
  2715 | D:3      | Noticed a phantom
  2740 | D:4      | Reached skill level 4 in Fighting
  3090 | D:3      | Killed a phantom
  3091 | D:3      | Reached XP level 5. HP: 39/55 MP: 8/8
  3779 | D:4      | Noticed Grinder
  3784 | D:4      | Paralysed by something for 4 turns
  3792 | D:4      | Reached XP level 6. HP: 20/63 MP: 9/9
  3800 | D:4      | Found Borroj's Magic Scroll Shop.
  4100 | D:4      | Found an iron altar of Okawaru.
  4101 | D:4      | Found Molek's Lightly-Used Armoury.
  4172 | D:4      | Killed Grinder
  4173 | D:4      | Reached skill level 5 in Fighting
  4173 | D:4      | Reached XP level 7. HP: 5/72 MP: 10/10
  4490 | D:4      | Bought a scroll of summoning for 95 gold pieces
  4837 | D:5      | Entered Level 5 of the Dungeon
  4839 | D:5      | Noticed a komodo dragon
  5033 | D:5      | Killed a komodo dragon
  5034 | D:5      | Reached skill level 6 in Fighting
  5322 | D:5      | Reached XP level 8. HP: 79/83 MP: 11/11
  5426 | D:5      | Reached ** piety under Qazlal
  5435 | D:5      | Killed from afar by an orc wizard

Illustrated notes

Levels and vault maps discovered:
D:1:      dpeg_arrival_boxorama, layout_basic, serial_curves, eino_curves_01,
          eino_curves_03, hellmonk_ecumenical_altar_run_dry
D:2:      layout_basic, minmay_tromino_mix6
D:3:      layout_basic, chequers_arboretum
D:4:      layout_basic, serial_shops, shop, kennysheep_flooded_box,
          minmay_shop_damaged, kennysheep_generic_room_13, uniq_grinder
D:5:      layout_basic, sigmund_edmund_badplayer, uniq_ijyb

Skill      XL: |  1  2  3  4  5  6  7 |
---------------+----------------------+-----
Fighting       | 3 4 5 6 |  6.5
Maces & Flails | 2 3 4 |  4.4
Invocations    | 1 2 3 4 |  4.6
Dodging        | 3 4 |  4.5
Throwing       | |  1.0
Spellcasting   | |  2.4
Translocations | |  2.6

Action                   |  1- 3 |  4- 6 |  7- 9 || total
-------------------------+-------+-------+-------++-------
Melee: Mace              |    71 |    96 |       ||   167
       Kick              |       |    19 |    13 ||    32
       Headbutt          |       |     7 |     9 ||    16
       Whip              |       |    15 |    45 ||    60
Throw: Boomerang         |     1 |     4 |       ||     5
       Dart              |       |       |     2 ||     2
Evoke: Wand              |       |       |     4 ||     4
  Use: Scroll            |     7 |     1 |     2 ||    10
       Potion            |     3 |     1 |       ||     4
Armor: Robe              |    23 |    23 |     5 ||    51
       Skin              |     1 |     1 |       ||     2
Dodge: Dodged            |    35 |    62 |    23 ||   120
Block: Other             |     1 |     3 |     3 ||     7

Table legend: (Time is in decaauts)
 A = Elapsed time spent in this place.
 B = Non-inter-level travel time spent in this place.
 C = Inter-level travel time spent in this place.
 D = Time resting spent in this place.
 E = Time spent auto-exploring this place.
 F = Levels seen in this place.
 G = Mean time per level.
                   A        B        C        D        E       F      G
               +--------+--------+--------+--------+--------+-----+--------+
         Total |   5476 |   5365 |    111 |   1351 |   3186 |   5 | 1095.2 |
       Dungeon |   5476 |   5365 |    111 |   1351 |   3186 |   5 | 1095.2 |
               +--------+--------+--------+--------+--------+-----+--------+

Top non-repeatable levels by time:
     D:3: 1543 daAuts
     D:4: 1428 daAuts
     D:1: 1075 daAuts
     D:2: 835 daAuts
     D:5: 593 daAuts
